 Dungeon Crawl Stone Soup version 0.19.4-8-ga85b6b9 (webtiles) character file.

868 Heskey the Skirmisher (level 7, 0/96 HPs)
             Began as a Pale Draconian Berserker on Feb 7, 2017.
             Was a Believer of Trog.
             Slain by a centaur (8 damage)
             ... on level 6 of the Dungeon.
             The game lasted 00:05:45 (3670 turns).

Heskey the Skirmisher (Pale Draconian Berserker)    Turns: 3670, Time: 00:05:48

Health: 0/96       AC:  7    Str: 27    XL:     7   Next: 73%
Magic:  7/7        EV: 14    Int: 12    God:    Trog [**....]
Gold:   382        SH:  0    Dex: 10    Spells: 0 memorised, 6 levels left

rFire  . . .     SeeInvis .     d - +0 long sword
rCold  . . .     Gourm    .     (armour unavailable)
rNeg   . . .     Faith    .     (no shield)
rPois  .         Spirit   .     (helmet restricted)
rElec  .         Reflect  .     i - +0 cloak
rCorr  .         Harm     .     (no gloves)
MR     .....                    (no boots)
Stlth  ..........               (no amulet)
                                (no ring)
                                (no ring)

@: brilliant, berserking (expiring), very quick
A: breathe steam, unfitting armour, cold-blooded, AC +6
a: Breathe Steam, Berserk, Trog's Hand, Burn Spellbooks, Renounce Religion


You were on level 6 of the Dungeon.
You worshipped Trog.
Trog was pleased with you.
You were very hungry.

You visited 1 branch of the dungeon, and saw 6 of its levels.

You collected 382 gold pieces.

Inventory:

Hand Weapons
 d - a +0 long sword (weapon)
Armour
 i - a +0 cloak (worn)
Wands
 c - a wand of teleportation (4/9)
 v - a wand of random effects (16/48)
Scrolls
 a - a scroll of random uselessness {unknown}
 e - 3 scrolls of fear {unknown}
 f - 4 scrolls of immolation {unknown}
 j - 4 scrolls of identify {unknown}
 k - 2 scrolls of blinking {unknown}
 m - 2 scrolls of noise {unknown}
 n - a scroll of enchant weapon {unknown}
 p - 2 scrolls of teleportation {unknown}
 q - a scroll of enchant armour {unknown}
 r - a scroll of amnesia {unknown}
 t - 3 scrolls of remove curse {unknown}
Potions
 g - a potion of brilliance
 h - 3 potions of heal wounds {unknown}
 l - 2 potions of berserk rage {unknown}
 o - a potion of mutation {unknown}
 s - 2 potions of degeneration {unknown}
 u - a potion of curing {unknown}
 x - 2 potions of flight {unknown}
Books
 y - a book of Conjurations

   Spells                             Type                      Level
   a - Magic Dart                     Conjuration                  1
   b - Searing Ray                    Conjuration                  2
   c - Dazzling Spray                 Conjuration/Hexes            3
   d - Fulminant Prism                Conjuration/Hexes            4
   e - Iskenderun's Mystic Blast      Conjuration                  4
   f - Iskenderun's Battlesphere      Conjuration/Charms           5
   Trog disapproves of the use of such an item.
Comestibles
 b - 5 bread rations
 w - 2 meat rations


   Skills:
 + Level 6.5 Fighting
 + Level 5.8 Long Blades
 + Level 5.3 Dodging


You had 6 spell levels left.
You didn't know any spells.

Dungeon Overview and Level Annotations

Branches:
Dungeon (6/15)
 Temple: D:4-7

Altars:
Elyvilon
Gozag
Hepliaklqana
Okawaru
Sif Muna

Shops:
D:6 %


Innate Abilities, Weirdness & Mutations

You can breathe blasts of scalding, opaque steam.
Your pale cyan-grey scales are hard. (AC +6)
You cannot fit into any form of body armour.
You are cold-blooded and may be slowed by cold attacks.


Message History

You are too injured to fight recklessly!
You are too injured to fight recklessly!
You barely miss the centaur.
The centaur is almost dead.
The centaur hits you but does no damage.
The centaur hits you with an uncursed long sword.
* * * LOW HITPOINT WARNING * * *
You barely miss the centaur.
Your tail-slap misses the centaur.
The centaur is almost dead.
The centaur misses you.
The centaur hits you but does no damage.
The centaur barely misses you.
You slash the centaur!
You kill the centaur!
Trog accepts your kill.
The orc priest invokes the aid of Beogh against you.
Beogh smites you!
* * * LOW HITPOINT WARNING * * *
The centaur hits you!
You die...

###......#..##.####.#..(...#....#
......#.##.# .. #.#.........#
...####....# #. #.#####.....#
....# ### #∩ #.#####.#.(.# #####
#.###.#.....#####
..##.#+#.......#
#.##.....####.... #(##.....# .+
... #@##...[.#.# . #cY#.......#
##(#.....#### #o..........
......#..........
......#..........
......#......#### ....c.##.....#
....o. #.......


You could see an ice beast, a centaur and an orc priest.

Vanquished Creatures
  3 ogres
  2 phantoms (D:5)
  A centaur (D:6)
  A bullfrog (D:6)
  2 crimson imps (D:5)
  A bullfrog zombie (D:6)
  An iguana (D:3)
  An orc wizard (D:5)
  A hound zombie (D:5)
  A hound skeleton (D:5)
  A worker ant zombie (D:5)
  6 adders
  A shadow imp (D:6)
  2 worms
  2 dart slugs
  2 leopard geckos
  4 orcs
  4 giant cockroaches
  4 goblins
  2 hobgoblins (D:1)
  2 jackals (D:4)
  2 quokkas
  10 bats
  A frilled lizard (D:3)
  4 kobolds
  10 rats
71 creatures vanquished.

Notes
Turn   | Place    | Note
-------+----------+-------------------------------------------
     0 | D:1      | Heskey the Draconian Berserker began the quest for the Orb.
     0 | D:1      | Reached XP level 1. HP: 19/19 MP: 1/1
   252 | D:1      | Reached XP level 2. HP: 25/26 MP: 2/2
   495 | D:1      | Found a white marble altar of Elyvilon.
   791 | D:2      | Found a deep blue altar of Sif Muna.
   808 | D:2      | Found an opulent altar of Gozag.
   858 | D:2      | Reached XP level 3. HP: 33/33 MP: 3/3
   863 | D:2      | Found a hazy altar of Hepliaklqana.
  1074 | D:2      | Reached ** piety under Trog
  1384 | D:3      | Reached skill level 4 in Fighting
  1386 | D:3      | Reached XP level 4. HP: 34/40 MP: 4/4
  2500 | D:4      | Noticed an ogre
  2506 | D:4      | Killed an ogre
  2506 | D:4      | Reached XP level 5. HP: 36/47 MP: 5/5
  2767 | D:5      | Entered Level 5 of the Dungeon
  2815 | D:5      | Reached skill level 5 in Fighting
  2816 | D:5      | Noticed an ogre
  2830 | D:5      | Killed an ogre
  2830 | D:5      | Reached XP level 6. HP: 17/56 MP: 6/6
  3018 | D:5      | Reached skill level 5 in Long Blades
  3114 | D:5      | Your scales start taking on a pale cyan-grey colour.
  3114 | D:5      | Reached XP level 7. HP: 18/62 MP: 7/7
  3381 | D:5      | Reached skill level 6 in Fighting
  3446 | D:5      | Reached skill level 5 in Dodging
  3619 | D:6      | Found an iron altar of Okawaru.
  3653 | D:6      | Found Pen Enoi's Food Shoppe.
  3670 | D:6      | Slain by a centaur

Skill      XL: |  1  2  3  4  5  6  7 |
---------------+----------------------+-----
Dodging        | 3 4 5 |  5.3
Fighting       | 4 5 6 |  6.5
Long Blades    | 4 5 |  5.8

Action                   |  1- 3 |  4- 6 |  7- 9 || total
-------------------------+-------+-------+-------++-------
Melee: Falchion          |    62 |       |       ||    62
       Tailslap          |     8 |    15 |    13 ||    36
       Long sword        |     6 |    71 |    60 ||   137
Invok: Berserk           |       |     1 |     1 ||     2
  Use: Potion            |       |     1 |     1 ||     2
  Eat: Meat ration       |     1 |       |       ||     1
       Pizza             |       |     1 |       ||     1
       Chunk             |       |     1 |     2 ||     3
Armor: Skin              |    27 |    24 |    18 ||    69
Dodge: Dodged            |    63 |    59 |    36 ||   158
       Rpst.: Falchion   |    15 |       |       ||    15
       Long sword        |     4 |    22 |    11 ||    37
